[ PARTIDA AOE2 · #464452945 ]
UnrankedBizantinos vs Magyars
Equipo del jugador · DERR
[ ANÁLISIS DE REPETICIÓN · EXTRAÍDO DE LA PARTIDA GRABADA ]
Feudal
15:54
Castillos
19:34
Imperial
37:06
| APM promedio | 30.0 |
| APM pico | 63 |
| eAPM promedio | 17.5 |
| Aldeanos / militares | 124 / 184 |
Foco
⚔️ 30.3% · 🌾 69.7%
Cataphract ×93 · Skirmisher ×49 · Militia ×27 · Trade Cart ×23 · Battering Ram ×5 · Monk ×4
Feudal
10:16
Castillos
18:53
Imperial
32:25
| APM promedio | 39.5 |
| APM pico | 77 |
| eAPM promedio | 17.7 |
| Aldeanos / militares | 96 / 274 |
Foco
⚔️ 38.6% · 🌾 61.4%
Cavalry Archer ×159 · Knight ×93 · Magyar Huszar ×16 · Trade Cart ×5 · Skirmisher ×2 · Trebuchet (Packed) ×2
Feudal
13:34
Castillos
17:29
Imperial
33:15
| APM promedio | 22.7 |
| APM pico | 52 |
| eAPM promedio | 15.2 |
| Aldeanos / militares | 141 / 522 |
Foco
⚔️ 34.7% · 🌾 65.3%
Scout Cavalry ×416 · Ballista Elephant ×106
Feudal
12:23
Castillos
16:28
Imperial
30:21
| APM promedio | 41.0 |
| APM pico | 106 |
| eAPM promedio | 26.6 |
| Aldeanos / militares | 148 / 415 |
Foco
⚔️ 39.1% · 🌾 60.9%
Scout Cavalry ×249 · Scorpion ×98 · Mangonel ×45 · Ballista Elephant ×18 · Trebuchet (Packed) ×4 · Monk ×1
Feudal
12:20
Castillos
16:42
Imperial
31:54
| APM promedio | 47.3 |
| APM pico | 121 |
| eAPM promedio | 25.6 |
| Aldeanos / militares | 145 / 343 |
Foco
⚔️ 25.4% · 🌾 74.6%
Spearman ×280 · Bombard Cannon ×63 · Trade Cart ×26
Feudal
10:23
Castillos
19:33
Imperial
34:19
| APM promedio | 25.0 |
| APM pico | 51 |
| eAPM promedio | 15.2 |
| Aldeanos / militares | 81 / 159 |
Foco
⚔️ 31.9% · 🌾 68.1%
Knight ×72 · Longbowman ×52 · Cavalry Archer ×33 · Trade Cart ×6 · Monk ×1 · Archer ×1
Feudal
10:50
Castillos
16:47
Imperial
32:40
| APM promedio | 26.3 |
| APM pico | 59 |
| eAPM promedio | 15.5 |
| Aldeanos / militares | 181 / 437 |
Foco
⚔️ 29.7% · 🌾 70.3%
Scout Cavalry ×169 · Knight ×132 · Hand Cannoneer ×124 · Trebuchet (Packed) ×8 · Bombard Cannon ×3 · Archer ×1
Feudal
12:36
Castillos
16:22
Imperial
31:56
| APM promedio | 24.6 |
| APM pico | 63 |
| eAPM promedio | 11.8 |
| Aldeanos / militares | 123 / 273 |
Foco
⚔️ 34.4% · 🌾 65.6%
Spearman ×158 · Militia ×94 · Trebuchet (Packed) ×11 · Scout Cavalry ×6 · Monk ×4
Mapa de la partida
Recursos iniciales + cada clic de construcción. Líneas = muros · curvas = relieve. ◆ oro · ⬟ piedra · ● bayas · ✦ reliquia · ◌ hueco del cierre
Tu base· Abierta — flanco sin cerrar
Base de Arcturus· Abierta — flanco sin cerrar
Base de [Guanatos] Prieto en aprietos· Abierta — flanco sin cerrar
Base de xandercheto· Abierta — flanco sin cerrar
Base de Bullangebrio· Abierta — flanco sin cerrar
Base de Jotal1308· Abierta — flanco sin cerrar
Base de cruy· Abierta — flanco sin cerrar
Base de mrdava_99· Abierta — flanco sin cerrar
Terreno inicial suavizado · ◌ = hueco del cierre detectado · pasá el cursor para detalles
Inputs por minuto
— Rambiel - - Arcturus
Build order — Rambiel
Primeras 150 de 404 acciones detectadas
| 0:02 | Investigar | Loom |
| 0:02 | Crear | Villager (Male) |
| 0:03 | Crear | Villager (Male) |
| 0:03 | Crear | Villager (Male) |
| 0:05 | Construir | Mill |
| 0:10 | Construir | House |
| 0:11 | Construir | House |
| 0:12 | Construir | House |
| 0:13 | Construir | House |
| 0:37 | Crear | Villager (Male) |
| 0:37 | Crear | Villager (Male) |
| 2:14 | Crear | Villager (Male) |
| 2:14 | Crear | Villager (Male) |
| 2:50 | Crear | Villager (Male) |
| 3:19 | Crear | Villager (Male) |
| 3:19 | Crear | Villager (Male) |
| 3:19 | Crear | Villager (Male) |
| 3:41 | Crear | Villager (Male) |
| 3:41 | Crear | Villager (Male) |
| 4:14 | Crear | Villager (Male) |
| 4:14 | Crear | Villager (Male) |
| 4:14 | Crear | Villager (Male) |
| 4:39 | Crear | Villager (Male) |
| 4:39 | Crear | Villager (Male) |
| 4:59 | Crear | Villager (Male) |
| 5:00 | Crear | Villager (Male) |
| 5:19 | Crear | Villager (Male) |
| 5:20 | Crear | Villager (Male) |
| 6:10 | Crear | Villager (Male) |
| 6:10 | Crear | Villager (Male) |
| 6:29 | Crear | Villager (Male) |
| 6:29 | Crear | Villager (Male) |
| 6:29 | Crear | Villager (Male) |
| 7:22 | Crear | Villager (Male) |
| 7:22 | Crear | Villager (Male) |
| 7:22 | Crear | Villager (Male) |
| 7:23 | Crear | Villager (Male) |
| 7:23 | Crear | Villager (Male) |
| 7:33 | Construir | Lumber Camp |
| 7:40 | Crear | Villager (Male) |
| 7:40 | Crear | Villager (Male) |
| 7:40 | Crear | Villager (Male) |
| 7:54 | Crear | Villager (Male) |
| 7:55 | Crear | Villager (Male) |
| 8:25 | Construir | House |
| 8:40 | Crear | Villager (Male) |
| 8:41 | Crear | Villager (Male) |
| 8:54 | Crear | Villager (Male) |
| 8:54 | Crear | Villager (Male) |
| 8:54 | Crear | Villager (Male) |
| 9:06 | Construir | House |
| 9:08 | Construir | House |
| 9:12 | Construir | House |
| 9:12 | Construir | House |
| 9:50 | Construir | Lumber Camp |
| 10:04 | Crear | Villager (Male) |
| 10:04 | Crear | Villager (Male) |
| 10:04 | Crear | Villager (Male) |
| 10:05 | Crear | Villager (Male) |
| 10:05 | Crear | Villager (Male) |
| 10:05 | Crear | Villager (Male) |
| 10:09 | Construir | Farm |
| 10:10 | Construir | Farm |
| 10:11 | Construir | Farm |
| 11:01 | Construir | Mining Camp |
| 11:33 | Construir | Mining Camp |
| 12:09 | Construir | Farm |
| 12:17 | Investigar | Feudal Age |
| 12:32 | Construir | Farm |
| 12:58 | Construir | Farm |
| 13:07 | Construir | Farm |
| 13:08 | Construir | Farm |
| 13:09 | Construir | Farm |
| 13:11 | Construir | Farm |
| 13:13 | Construir | Farm |
| 13:25 | Construir | Farm |
| 14:29 | Construir | Outpost |
| 15:54 | Edad | Edad Feudal |
| 16:19 | Construir | Market |
| 16:30 | Construir | Blacksmith |
| 16:37 | Investigar | Double-Bit Axe |
| 16:54 | Investigar | Castle Age |
| 16:55 | Investigar | Castle Age |
| 17:43 | Investigar | Horse Collar |
| 17:47 | Investigar | Gold Mining |
| 17:51 | Investigar | Stone Mining |
| 17:54 | Investigar | Wheelbarrow |
| 18:16 | Construir | Barracks |
| 18:31 | Investigar | Forging |
| 18:32 | Investigar | Scale Mail Armor |
| 18:38 | Investigar | Fletching |
| 19:11 | Construir | Archery Range |
| 19:17 | Crear | Villager (Male) |
| 19:18 | Crear | Villager (Male) |
| 19:18 | Crear | Villager (Male) |
| 19:18 | Crear | Villager (Male) |
| 19:34 | Edad | Edad de los Castillos |
| 19:40 | Construir | Castle |
| 19:47 | Construir | Siege Workshop |
| 19:55 | Investigar | Man-at-Arms (upgrade) |
| 20:12 | Crear | Villager (Male) |
| 20:12 | Crear | Villager (Male) |
| 20:12 | Crear | Villager (Male) |
| 20:25 | Crear | Battering Ram |
| 20:29 | Crear | Militia |
| 20:29 | Crear | Militia |
| 20:50 | Crear | Villager (Male) |
| 20:50 | Crear | Villager (Male) |
| 20:50 | Crear | Villager (Male) |
| 21:10 | Crear | Militia |
| 21:10 | Crear | Militia |
| 21:17 | Construir | Farm |
| 21:35 | Crear | Militia |
| 21:36 | Crear | Militia |
| 21:36 | Crear | Militia |
| 21:53 | Construir | Mill |
| 21:54 | Construir | Farm |
| 22:05 | Crear | Cataphract |
| 22:07 | Crear | Cataphract |
| 22:14 | Crear | Scorpion |
| 22:22 | Construir | Farm |
| 22:27 | Crear | Battering Ram |
| 22:38 | Construir | Farm |
| 22:43 | Crear | Militia |
| 22:59 | Construir | Farm |
| 23:06 | Investigar | Gold Shaft Mining |
| 23:09 | Crear | Villager (Male) |
| 23:23 | Crear | Militia |
| 23:28 | Construir | Mill |
| 23:37 | Construir | Farm |
| 23:53 | Crear | Villager (Male) |
| 24:16 | Construir | House |
| 24:17 | Construir | House |
| 24:20 | Construir | Farm |
| 24:23 | Crear | Villager (Male) |
| 24:24 | Crear | Villager (Male) |
| 24:24 | Crear | Villager (Male) |
| 24:24 | Crear | Villager (Male) |
| 24:25 | Crear | Villager (Male) |
| 24:25 | Crear | Villager (Male) |
| 24:35 | Crear | Militia |
| 24:42 | Crear | Cataphract |
| 25:03 | Construir | Farm |
| 25:09 | Crear | Militia |
| 25:10 | Crear | Militia |
| 25:13 | Crear | Cataphract |
| 25:23 | Construir | House |
| 25:25 | Crear | Cataphract |
| 25:28 | Construir | Farm |
| 25:35 | Crear | Militia |
Build order — Arcturus
Primeras 150 de 536 acciones detectadas
| 0:02 | Construir | House |
| 0:03 | Construir | House |
| 0:06 | Crear | Villager (Male) |
| 0:06 | Crear | Villager (Male) |
| 0:06 | Crear | Villager (Male) |
| 0:30 | Crear | Villager (Male) |
| 1:36 | Crear | Villager (Male) |
| 1:50 | Construir | Lumber Camp |
| 2:06 | Crear | Villager (Male) |
| 2:32 | Crear | Villager (Male) |
| 2:52 | Crear | Villager (Male) |
| 3:55 | Crear | Villager (Male) |
| 4:00 | Construir | House |
| 4:24 | Crear | Villager (Male) |
| 4:25 | Crear | Villager (Male) |
| 4:36 | Construir | Mill |
| 4:37 | Crear | Villager (Male) |
| 5:13 | Crear | Villager (Male) |
| 5:40 | Crear | Villager (Male) |
| 6:32 | Crear | Villager (Male) |
| 6:36 | Construir | House |
| 7:00 | Crear | Villager (Male) |
| 7:41 | Crear | Villager (Male) |
| 8:00 | Investigar | Feudal Age |
| 8:53 | Construir | House |
| 9:28 | Construir | House |
| 9:40 | Construir | Lumber Camp |
| 9:55 | Crear | Villager (Male) |
| 9:55 | Crear | Villager (Male) |
| 10:03 | Construir | Barracks |
| 10:16 | Edad | Edad Feudal |
| 10:22 | Investigar | Double-Bit Axe |
| 10:24 | Crear | Villager (Male) |
| 10:44 | Crear | Villager (Male) |
| 10:52 | Construir | Mining Camp |
| 10:57 | Crear | Villager (Male) |
| 11:14 | Construir | Farm |
| 11:16 | Construir | Farm |
| 11:21 | Construir | Farm |
| 11:24 | Crear | Villager (Male) |
| 11:28 | Construir | House |
| 11:37 | Crear | Villager (Male) |
| 11:53 | Construir | Farm |
| 11:58 | Crear | Villager (Male) |
| 12:21 | Crear | Villager (Male) |
| 12:27 | Construir | Farm |
| 12:31 | Construir | Farm |
| 12:51 | Construir | Farm |
| 12:56 | Crear | Villager (Male) |
| 13:12 | Construir | Market |
| 13:22 | Construir | House |
| 13:40 | Construir | Farm |
| 14:04 | Construir | House |
| 14:07 | Crear | Villager (Male) |
| 14:09 | Construir | Farm |
| 14:10 | Crear | Villager (Male) |
| 14:44 | Construir | Blacksmith |
| 14:51 | Construir | House |
| 14:52 | Crear | Villager (Male) |
| 15:02 | Construir | Farm |
| 15:48 | Crear | Villager (Male) |
| 15:54 | Investigar | Castle Age |
| 16:17 | Construir | Farm |
| 16:31 | Construir | Archery Range |
| 16:39 | Construir | Farm |
| 16:43 | Investigar | Gold Mining |
| 16:58 | Investigar | Fletching |
| 17:23 | Crear | Skirmisher |
| 17:32 | Construir | Archery Range |
| 17:35 | Crear | Villager (Male) |
| 17:36 | Crear | Villager (Male) |
| 17:45 | Construir | Farm |
| 17:57 | Investigar | Horse Collar |
| 18:53 | Edad | Edad de los Castillos |
| 19:00 | Crear | Villager (Male) |
| 19:16 | Construir | Town Center |
| 19:23 | Crear | Cavalry Archer |
| 19:23 | Crear | Cavalry Archer |
| 19:52 | Construir | Monastery |
| 20:27 | Crear | Cavalry Archer |
| 20:27 | Crear | Cavalry Archer |
| 20:37 | Crear | Villager (Male) |
| 20:38 | Crear | Villager (Male) |
| 20:46 | Construir | Farm |
| 20:56 | Construir | Mining Camp |
| 21:00 | Crear | Monk |
| 21:08 | Crear | Villager (Male) |
| 21:09 | Crear | Villager (Male) |
| 21:14 | Crear | Villager (Male) |
| 21:26 | Construir | House |
| 21:41 | Crear | Villager (Male) |
| 21:52 | Construir | Town Center |
| 21:56 | Crear | Villager (Male) |
| 22:02 | Crear | Cavalry Archer |
| 22:18 | Construir | House |
| 22:47 | Construir | Farm |
| 22:53 | Crear | Villager (Male) |
| 22:54 | Crear | Villager (Male) |
| 22:58 | Investigar | Wheelbarrow |
| 23:02 | Crear | Villager (Male) |
| 23:35 | Construir | Farm |
| 23:39 | Construir | Farm |
| 23:39 | Crear | Villager (Male) |
| 23:44 | Crear | Villager (Male) |
| 23:47 | Construir | Farm |
| 23:54 | Construir | Stable |
| 23:56 | Crear | Villager (Male) |
| 24:04 | Crear | Cavalry Archer |
| 24:04 | Crear | Cavalry Archer |
| 24:16 | Construir | Farm |
| 24:27 | Investigar | Bow Saw |
| 24:29 | Construir | Farm |
| 24:30 | Crear | Villager (Male) |
| 24:30 | Crear | Villager (Male) |
| 24:37 | Crear | Villager (Male) |
| 24:38 | Crear | Villager (Male) |
| 24:59 | Crear | Cavalry Archer |
| 24:59 | Crear | Cavalry Archer |
| 25:09 | Construir | Stable |
| 25:20 | Construir | Farm |
| 25:21 | Crear | Villager (Male) |
| 25:23 | Construir | Farm |
| 25:26 | Crear | Villager (Male) |
| 25:27 | Crear | Villager (Male) |
| 25:47 | Construir | University |
| 26:05 | Crear | Villager (Male) |
| 26:08 | Crear | Villager (Male) |
| 26:10 | Investigar | Hand Cart |
| 26:22 | Construir | Farm |
| 26:23 | Crear | Villager (Male) |
| 26:28 | Crear | Villager (Male) |
| 26:34 | Construir | Farm |
| 26:41 | Crear | Cavalry Archer |
| 26:41 | Crear | Cavalry Archer |
| 26:50 | Construir | Farm |
| 26:53 | Construir | House |
| 26:55 | Investigar | Bloodlines |
| 26:59 | Investigar | Heavy Plow |
| 27:04 | Construir | House |
| 27:15 | Construir | Farm |
| 27:23 | Construir | Mining Camp |
| 27:24 | Crear | Villager (Male) |
| 27:24 | Crear | Villager (Male) |
| 27:40 | Crear | Villager (Male) |
| 27:51 | Crear | Trade Cart |
| 27:52 | Crear | Trade Cart |
| 28:01 | Crear | Villager (Male) |
| 28:04 | Crear | Villager (Male) |
| 28:07 | Crear | Villager (Male) |
| 28:08 | Crear | Villager (Male) |
Build order — [Guanatos] Prieto en aprietos
Primeras 150 de 547 acciones detectadas
| 0:01 | Crear | Villager (Male) |
| 0:01 | Crear | Villager (Male) |
| 0:01 | Crear | Villager (Male) |
| 0:02 | Crear | Villager (Male) |
| 0:04 | Construir | House |
| 0:06 | Construir | House |
| 0:38 | Construir | House |
| 1:49 | Crear | Villager (Male) |
| 1:49 | Crear | Villager (Male) |
| 1:55 | Construir | Lumber Camp |
| 2:00 | Crear | Villager (Male) |
| 2:19 | Crear | Villager (Male) |
| 2:19 | Crear | Villager (Male) |
| 2:55 | Crear | Villager (Male) |
| 2:56 | Crear | Villager (Male) |
| 3:14 | Crear | Villager (Male) |
| 3:18 | Investigar | Loom |
| 3:54 | Crear | Villager (Male) |
| 3:55 | Crear | Villager (Male) |
| 3:58 | Construir | House |
| 4:19 | Crear | Villager (Male) |
| 4:19 | Crear | Villager (Male) |
| 4:34 | Crear | Villager (Male) |
| 4:34 | Crear | Villager (Male) |
| 5:17 | Crear | Villager (Male) |
| 5:18 | Crear | Villager (Male) |
| 5:18 | Crear | Villager (Male) |
| 5:39 | Construir | House |
| 5:43 | Crear | Villager (Male) |
| 5:43 | Crear | Villager (Male) |
| 6:10 | Construir | Mill |
| 6:32 | Crear | Villager (Male) |
| 6:33 | Crear | Villager (Male) |
| 6:33 | Crear | Villager (Male) |
| 6:57 | Crear | Villager (Male) |
| 6:57 | Crear | Villager (Male) |
| 7:23 | Crear | Villager (Male) |
| 7:24 | Crear | Villager (Male) |
| 7:49 | Crear | Villager (Male) |
| 7:49 | Crear | Villager (Male) |
| 8:10 | Crear | Villager (Male) |
| 8:11 | Crear | Villager (Male) |
| 8:36 | Crear | Villager (Male) |
| 8:36 | Crear | Villager (Male) |
| 8:59 | Crear | Villager (Male) |
| 8:59 | Crear | Villager (Male) |
| 9:24 | Crear | Villager (Male) |
| 9:24 | Crear | Villager (Male) |
| 9:42 | Construir | Mining Camp |
| 10:40 | Construir | Mining Camp |
| 11:06 | Investigar | Feudal Age |
| 11:26 | Construir | Farm |
| 11:26 | Construir | Farm |
| 11:26 | Construir | Farm |
| 11:27 | Construir | Farm |
| 11:27 | Construir | Farm |
| 11:33 | Construir | Farm |
| 11:37 | Construir | Farm |
| 11:40 | Construir | Farm |
| 11:46 | Construir | Farm |
| 11:47 | Crear | Villager (Male) |
| 11:48 | Crear | Villager (Male) |
| 11:48 | Crear | Villager (Male) |
| 12:28 | Construir | House |
| 13:34 | Edad | Edad Feudal |
| 13:39 | Investigar | Double-Bit Axe |
| 13:51 | Construir | Market |
| 13:56 | Construir | Blacksmith |
| 14:32 | Investigar | Castle Age |
| 14:56 | Investigar | Horse Collar |
| 15:01 | Crear | Villager (Male) |
| 15:58 | Crear | Villager (Male) |
| 15:58 | Crear | Villager (Male) |
| 16:07 | Construir | House |
| 16:11 | Construir | House |
| 16:15 | Construir | House |
| 16:39 | Construir | House |
| 16:43 | Construir | House |
| 16:48 | Construir | House |
| 17:02 | Construir | House |
| 17:07 | Construir | House |
| 17:11 | Construir | House |
| 17:29 | Edad | Edad de los Castillos |
| 17:45 | Construir | Town Center |
| 17:53 | Construir | Town Center |
| 17:59 | Investigar | Bow Saw |
| 18:08 | Investigar | Heavy Plow |
| 18:40 | Crear | Villager (Male) |
| 18:40 | Crear | Villager (Male) |
| 19:00 | Crear | Villager (Male) |
| 19:02 | Crear | Villager (Male) |
| 19:02 | Crear | Villager (Male) |
| 19:07 | Crear | Villager (Male) |
| 19:07 | Crear | Villager (Male) |
| 19:18 | Construir | Farm |
| 19:19 | Construir | Farm |
| 19:19 | Construir | Farm |
| 19:19 | Construir | Farm |
| 19:19 | Construir | Farm |
| 19:43 | Construir | Farm |
| 19:43 | Construir | Farm |
| 19:43 | Construir | Farm |
| 19:51 | Construir | Farm |
| 19:54 | Construir | Farm |
| 19:59 | Crear | Villager (Male) |
| 19:59 | Crear | Villager (Male) |
| 20:00 | Crear | Villager (Male) |
| 20:00 | Crear | Villager (Male) |
| 20:04 | Crear | Villager (Male) |
| 20:14 | Construir | Farm |
| 20:16 | Construir | Farm |
| 20:17 | Crear | Villager (Male) |
| 20:30 | Construir | Farm |
| 20:31 | Construir | Farm |
| 20:33 | Construir | Farm |
| 20:33 | Crear | Villager (Male) |
| 20:34 | Crear | Villager (Male) |
| 20:38 | Crear | Villager (Male) |
| 20:45 | Crear | Villager (Male) |
| 20:52 | Construir | Farm |
| 20:56 | Crear | Villager (Male) |
| 20:59 | Crear | Villager (Male) |
| 21:09 | Construir | Farm |
| 21:11 | Construir | Farm |
| 21:16 | Construir | Farm |
| 21:16 | Crear | Villager (Male) |
| 21:17 | Crear | Villager (Male) |
| 21:18 | Crear | Villager (Male) |
| 21:29 | Construir | Farm |
| 21:31 | Construir | Farm |
| 21:33 | Crear | Villager (Male) |
| 21:34 | Crear | Villager (Male) |
| 21:36 | Crear | Villager (Male) |
| 21:41 | Construir | Farm |
| 21:48 | Construir | Farm |
| 21:58 | Construir | Farm |
| 21:59 | Crear | Villager (Male) |
| 22:01 | Crear | Villager (Male) |
| 22:02 | Crear | Villager (Male) |
| 22:23 | Crear | Villager (Male) |
| 22:24 | Crear | Villager (Male) |
| 22:25 | Crear | Villager (Male) |
| 22:41 | Crear | Villager (Male) |
| 22:42 | Crear | Villager (Male) |
| 22:44 | Crear | Villager (Male) |
| 22:56 | Construir | Castle |
| 23:11 | Crear | Villager (Male) |
| 23:12 | Crear | Villager (Male) |
| 23:16 | Investigar | Wheelbarrow |
| 23:19 | Investigar | Town Watch |
Build order — xandercheto
Primeras 150 de 775 acciones detectadas
| 0:01 | Crear | Villager (Male) |
| 0:01 | Crear | Villager (Male) |
| 0:01 | Crear | Villager (Male) |
| 0:01 | Crear | Villager (Male) |
| 0:04 | Construir | House |
| 0:07 | Construir | House |
| 1:27 | Crear | Villager (Male) |
| 1:27 | Crear | Villager (Male) |
| 1:48 | Construir | Lumber Camp |
| 1:59 | Crear | Villager (Male) |
| 1:59 | Crear | Villager (Male) |
| 2:21 | Crear | Villager (Male) |
| 2:21 | Crear | Villager (Male) |
| 2:51 | Crear | Villager (Male) |
| 3:05 | Crear | Villager (Male) |
| 3:05 | Crear | Villager (Male) |
| 3:36 | Crear | Villager (Male) |
| 3:36 | Crear | Villager (Male) |
| 3:52 | Construir | House |
| 3:56 | Construir | House |
| 4:09 | Crear | Villager (Male) |
| 4:09 | Crear | Villager (Male) |
| 4:23 | Construir | Mill |
| 4:36 | Crear | Villager (Male) |
| 4:36 | Crear | Villager (Male) |
| 5:13 | Crear | Villager (Male) |
| 5:13 | Crear | Villager (Male) |
| 5:13 | Crear | Villager (Male) |
| 5:13 | Crear | Villager (Male) |
| 5:41 | Crear | Villager (Male) |
| 5:42 | Crear | Villager (Male) |
| 5:42 | Crear | Villager (Male) |
| 6:26 | Crear | Villager (Male) |
| 6:26 | Crear | Villager (Male) |
| 6:26 | Crear | Villager (Male) |
| 6:43 | Crear | Villager (Male) |
| 6:43 | Crear | Villager (Male) |
| 6:43 | Crear | Villager (Male) |
| 7:17 | Crear | Villager (Male) |
| 7:17 | Crear | Villager (Male) |
| 8:24 | Construir | House |
| 8:32 | Crear | Villager (Male) |
| 9:15 | Crear | Villager (Male) |
| 9:28 | Investigar | Feudal Age |
| 10:00 | Construir | Lumber Camp |
| 10:08 | Construir | Farm |
| 10:15 | Construir | Farm |
| 10:16 | Construir | Farm |
| 10:16 | Construir | Farm |
| 10:17 | Construir | Farm |
| 10:18 | Construir | Farm |
| 10:18 | Construir | Farm |
| 10:18 | Construir | Farm |
| 11:21 | Construir | Farm |
| 11:28 | Construir | Farm |
| 11:56 | Construir | Mining Camp |
| 11:59 | Crear | Villager (Male) |
| 12:04 | Crear | Villager (Male) |
| 12:23 | Edad | Edad Feudal |
| 12:24 | Investigar | Double-Bit Axe |
| 12:24 | Investigar | Double-Bit Axe |
| 12:24 | Investigar | Double-Bit Axe |
| 12:47 | Investigar | Horse Collar |
| 12:47 | Investigar | Horse Collar |
| 13:14 | Crear | Villager (Male) |
| 13:48 | Investigar | Castle Age |
| 13:49 | Investigar | Castle Age |
| 14:33 | Construir | Mining Camp |
| 14:42 | Construir | Market |
| 14:52 | Investigar | Stone Mining |
| 14:54 | Investigar | Gold Mining |
| 16:28 | Edad | Edad de los Castillos |
| 16:34 | Construir | Town Center |
| 16:37 | Crear | Villager (Male) |
| 16:37 | Crear | Villager (Male) |
| 16:45 | Construir | House |
| 16:50 | Construir | House |
| 16:57 | Construir | Town Center |
| 17:00 | Investigar | Heavy Plow |
| 17:04 | Investigar | Bow Saw |
| 17:05 | Investigar | Bow Saw |
| 17:32 | Crear | Villager (Male) |
| 17:32 | Crear | Villager (Male) |
| 17:33 | Crear | Villager (Male) |
| 17:33 | Crear | Villager (Male) |
| 17:39 | Crear | Villager (Male) |
| 17:39 | Crear | Villager (Male) |
| 17:39 | Crear | Villager (Male) |
| 17:40 | Crear | Villager (Male) |
| 17:40 | Crear | Villager (Male) |
| 17:40 | Crear | Villager (Male) |
| 18:02 | Construir | Town Center |
| 18:43 | Crear | Villager (Male) |
| 18:44 | Crear | Villager (Male) |
| 18:44 | Crear | Villager (Male) |
| 18:44 | Crear | Villager (Male) |
| 18:45 | Crear | Villager (Male) |
| 18:45 | Crear | Villager (Male) |
| 18:45 | Crear | Villager (Male) |
| 18:46 | Crear | Villager (Male) |
| 18:46 | Crear | Villager (Male) |
| 18:53 | Construir | Farm |
| 18:56 | Construir | Farm |
| 18:56 | Construir | Farm |
| 18:57 | Construir | Farm |
| 19:00 | Crear | Villager (Male) |
| 19:27 | Crear | Villager (Male) |
| 19:28 | Crear | Villager (Male) |
| 19:28 | Crear | Villager (Male) |
| 19:34 | Construir | Farm |
| 19:38 | Construir | Farm |
| 19:42 | Construir | Farm |
| 19:46 | Construir | Farm |
| 19:51 | Crear | Villager (Male) |
| 19:53 | Crear | Villager (Male) |
| 19:56 | Crear | Villager (Male) |
| 19:58 | Crear | Villager (Male) |
| 20:12 | Construir | Farm |
| 20:16 | Construir | Farm |
| 20:20 | Construir | Farm |
| 20:25 | Construir | Farm |
| 20:27 | Crear | Villager (Male) |
| 20:32 | Investigar | Wheelbarrow |
| 20:33 | Investigar | Town Watch |
| 20:38 | Crear | Villager (Male) |
| 20:38 | Investigar | Loom |
| 20:43 | Crear | Villager (Male) |
| 20:44 | Crear | Villager (Male) |
| 20:44 | Crear | Villager (Male) |
| 21:00 | Construir | House |
| 21:00 | Construir | House |
| 21:01 | Construir | House |
| 21:01 | Construir | House |
| 21:01 | Construir | House |
| 21:01 | Construir | House |
| 21:02 | Construir | House |
| 21:02 | Construir | House |
| 21:03 | Construir | House |
| 21:04 | Construir | House |
| 21:04 | Construir | House |
| 21:04 | Construir | House |
| 21:15 | Crear | Villager (Male) |
| 21:15 | Crear | Villager (Male) |
| 21:16 | Crear | Villager (Male) |
| 21:16 | Crear | Villager (Male) |
| 21:16 | Crear | Villager (Male) |
| 21:17 | Crear | Villager (Male) |
| 21:59 | Construir | Farm |
| 22:02 | Crear | Villager (Male) |
| 22:07 | Crear | Villager (Male) |
Build order — Bullangebrio
Primeras 150 de 389 acciones detectadas
| 0:02 | Crear | Villager (Male) |
| 0:02 | Crear | Villager (Male) |
| 0:02 | Crear | Villager (Male) |
| 0:02 | Crear | Villager (Male) |
| 0:04 | Construir | House |
| 0:06 | Construir | House |
| 0:26 | Investigar | Loom |
| 1:27 | Crear | Villager (Male) |
| 2:23 | Crear | Villager (Male) |
| 2:23 | Crear | Villager (Male) |
| 2:23 | Crear | Villager (Male) |
| 3:02 | Crear | Villager (Male) |
| 3:02 | Crear | Villager (Male) |
| 3:29 | Construir | Lumber Camp |
| 4:20 | Crear | Villager (Male) |
| 4:20 | Crear | Villager (Male) |
| 4:21 | Crear | Villager (Male) |
| 4:21 | Crear | Villager (Male) |
| 4:21 | Crear | Villager (Male) |
| 4:21 | Crear | Villager (Male) |
| 4:51 | Construir | House |
| 5:14 | Crear | Villager (Male) |
| 5:14 | Crear | Villager (Male) |
| 5:14 | Crear | Villager (Male) |
| 5:25 | Construir | Mill |
| 6:09 | Crear | Villager (Male) |
| 6:09 | Crear | Villager (Male) |
| 6:40 | Crear | Villager (Male) |
| 6:40 | Crear | Villager (Male) |
| 6:40 | Crear | Villager (Male) |
| 6:40 | Crear | Villager (Male) |
| 6:55 | Construir | House |
| 7:00 | Construir | Lumber Camp |
| 7:19 | Construir | Farm |
| 7:42 | Crear | Villager (Male) |
| 7:42 | Crear | Villager (Male) |
| 7:43 | Crear | Villager (Male) |
| 7:43 | Crear | Villager (Male) |
| 8:33 | Construir | Farm |
| 8:59 | Construir | Farm |
| 9:06 | Construir | House |
| 9:33 | Construir | Mining Camp |
| 9:58 | Investigar | Feudal Age |
| 11:28 | Crear | Villager (Male) |
| 11:28 | Crear | Villager (Male) |
| 12:20 | Edad | Edad Feudal |
| 12:37 | Construir | Market |
| 12:47 | Construir | Blacksmith |
| 12:56 | Construir | Mining Camp |
| 13:02 | Crear | Villager (Male) |
| 13:28 | Construir | House |
| 13:30 | Construir | House |
| 13:31 | Construir | House |
| 13:37 | Crear | Villager (Male) |
| 14:02 | Investigar | Castle Age |
| 14:10 | Investigar | Double-Bit Axe |
| 14:47 | Investigar | Horse Collar |
| 15:16 | Construir | Farm |
| 15:18 | Construir | Farm |
| 15:23 | Construir | Farm |
| 15:25 | Construir | Farm |
| 15:37 | Construir | Farm |
| 15:39 | Construir | Farm |
| 15:48 | Construir | Farm |
| 16:30 | Construir | Farm |
| 16:42 | Edad | Edad de los Castillos |
| 16:49 | Construir | Town Center |
| 16:52 | Crear | Villager (Male) |
| 16:52 | Crear | Villager (Male) |
| 16:59 | Construir | Town Center |
| 17:02 | Crear | Villager (Male) |
| 17:24 | Construir | Town Center |
| 17:39 | Construir | Farm |
| 17:46 | Crear | Villager (Male) |
| 18:01 | Crear | Villager (Male) |
| 18:28 | Crear | Villager (Male) |
| 18:29 | Crear | Villager (Male) |
| 19:11 | Crear | Villager (Male) |
| 19:11 | Crear | Villager (Male) |
| 19:11 | Crear | Villager (Male) |
| 19:11 | Crear | Villager (Male) |
| 19:38 | Crear | Villager (Male) |
| 19:38 | Crear | Villager (Male) |
| 19:41 | Construir | Farm |
| 19:45 | Construir | Farm |
| 19:45 | Construir | Farm |
| 19:53 | Construir | Farm |
| 19:55 | Construir | Farm |
| 20:24 | Crear | Villager (Male) |
| 20:24 | Crear | Villager (Male) |
| 20:24 | Crear | Villager (Male) |
| 20:24 | Crear | Villager (Male) |
| 20:25 | Crear | Villager (Male) |
| 20:26 | Crear | Villager (Male) |
| 20:27 | Crear | Villager (Male) |
| 20:31 | Construir | Farm |
| 20:32 | Construir | Farm |
| 20:34 | Construir | Farm |
| 20:37 | Crear | Villager (Male) |
| 20:48 | Construir | Farm |
| 20:55 | Crear | Villager (Male) |
| 20:56 | Crear | Villager (Male) |
| 21:09 | Crear | Villager (Male) |
| 21:09 | Crear | Villager (Male) |
| 21:19 | Crear | Villager (Male) |
| 21:23 | Construir | Farm |
| 21:31 | Construir | Farm |
| 21:33 | Crear | Villager (Male) |
| 21:33 | Crear | Villager (Male) |
| 21:33 | Crear | Villager (Male) |
| 21:45 | Construir | Farm |
| 21:49 | Crear | Villager (Male) |
| 21:49 | Crear | Villager (Male) |
| 21:49 | Crear | Villager (Male) |
| 22:07 | Crear | Villager (Male) |
| 22:07 | Crear | Villager (Male) |
| 22:07 | Crear | Villager (Male) |
| 22:16 | Construir | House |
| 22:18 | Construir | House |
| 22:19 | Construir | House |
| 22:31 | Construir | Castle |
| 22:54 | Crear | Villager (Male) |
| 22:54 | Crear | Villager (Male) |
| 22:54 | Crear | Villager (Male) |
| 23:01 | Investigar | Wheelbarrow |
| 23:03 | Investigar | Bow Saw |
| 23:39 | Construir | Barracks |
| 23:40 | Crear | Villager (Male) |
| 23:41 | Crear | Villager (Male) |
| 23:41 | Crear | Villager (Male) |
| 23:41 | Crear | Villager (Male) |
| 23:45 | Construir | Farm |
| 23:48 | Construir | Farm |
| 24:14 | Crear | Villager (Male) |
| 24:15 | Crear | Villager (Male) |
| 24:15 | Crear | Villager (Male) |
| 24:23 | Construir | Farm |
| 24:33 | Construir | Farm |
| 24:34 | Construir | Farm |
| 24:40 | Construir | Farm |
| 24:41 | Crear | Villager (Male) |
| 24:41 | Crear | Villager (Male) |
| 24:42 | Crear | Villager (Male) |
| 24:42 | Crear | Villager (Male) |
| 24:53 | Crear | Villager (Male) |
| 24:53 | Crear | Villager (Male) |
| 25:01 | Construir | Barracks |
| 25:07 | Crear | Villager (Male) |
| 25:25 | Construir | Farm |
| 25:42 | Crear | Villager (Male) |
Build order — Jotal1308
Primeras 150 de 390 acciones detectadas
| 0:02 | Construir | House |
| 0:05 | Construir | House |
| 0:18 | Crear | Villager (Male) |
| 0:18 | Crear | Villager (Male) |
| 0:18 | Crear | Villager (Male) |
| 0:19 | Crear | Villager (Male) |
| 0:19 | Crear | Villager (Male) |
| 1:45 | Crear | Villager (Male) |
| 1:45 | Crear | Villager (Male) |
| 1:55 | Crear | Villager (Male) |
| 2:28 | Construir | Lumber Camp |
| 2:33 | Crear | Villager (Male) |
| 2:37 | Crear | Villager (Male) |
| 2:38 | Investigar | Loom |
| 2:41 | Crear | Villager (Male) |
| 4:12 | Crear | Villager (Male) |
| 4:12 | Crear | Villager (Male) |
| 4:46 | Crear | Villager (Male) |
| 5:32 | Crear | Villager (Male) |
| 5:32 | Crear | Villager (Male) |
| 5:37 | Construir | House |
| 6:29 | Crear | Villager (Male) |
| 6:50 | Construir | Mill |
| 7:16 | Crear | Villager (Male) |
| 7:17 | Crear | Villager (Male) |
| 7:17 | Crear | Villager (Male) |
| 7:50 | Investigar | Feudal Age |
| 8:11 | Construir | Mining Camp |
| 8:17 | Construir | House |
| 8:37 | Construir | Farm |
| 8:38 | Construir | Farm |
| 8:39 | Construir | Farm |
| 8:55 | Construir | Farm |
| 10:04 | Crear | Villager (Male) |
| 10:04 | Crear | Villager (Male) |
| 10:13 | Crear | Villager (Male) |
| 10:23 | Edad | Edad Feudal |
| 10:51 | Construir | Lumber Camp |
| 10:53 | Crear | Villager (Male) |
| 11:29 | Crear | Villager (Male) |
| 11:29 | Crear | Villager (Male) |
| 11:29 | Crear | Villager (Male) |
| 11:29 | Crear | Villager (Male) |
| 11:30 | Crear | Villager (Male) |
| 11:32 | Construir | House |
| 12:07 | Construir | Mining Camp |
| 12:24 | Construir | House |
| 13:13 | Construir | House |
| 13:21 | Construir | Blacksmith |
| 13:29 | Investigar | Double-Bit Axe |
| 14:01 | Construir | Market |
| 14:08 | Crear | Villager (Male) |
| 14:10 | Construir | Farm |
| 14:12 | Crear | Villager (Male) |
| 14:13 | Crear | Villager (Male) |
| 14:46 | Construir | Farm |
| 15:01 | Construir | Farm |
| 15:02 | Construir | Farm |
| 15:03 | Construir | Farm |
| 16:03 | Investigar | Wheelbarrow |
| 16:53 | Investigar | Castle Age |
| 17:47 | Construir | Barracks |
| 18:02 | Investigar | Stone Mining |
| 19:20 | Investigar | Horse Collar |
| 19:33 | Edad | Edad de los Castillos |
| 19:38 | Construir | Town Center |
| 19:41 | Crear | Villager (Male) |
| 19:42 | Crear | Villager (Male) |
| 19:42 | Crear | Villager (Male) |
| 19:56 | Construir | Monastery |
| 20:14 | Crear | Villager (Male) |
| 20:26 | Construir | Archery Range |
| 20:28 | Crear | Monk |
| 21:04 | Construir | House |
| 21:04 | Construir | House |
| 22:26 | Construir | Castle |
| 22:50 | Crear | Villager (Male) |
| 22:50 | Crear | Villager (Male) |
| 22:50 | Crear | Villager (Male) |
| 22:52 | Crear | Villager (Male) |
| 22:59 | Crear | Villager (Male) |
| 22:59 | Crear | Villager (Male) |
| 22:59 | Crear | Villager (Male) |
| 22:59 | Crear | Villager (Male) |
| 23:06 | Investigar | Wheelbarrow |
| 23:18 | Crear | Cavalry Archer |
| 23:18 | Crear | Cavalry Archer |
| 23:20 | Crear | Cavalry Archer |
| 23:48 | Construir | Farm |
| 23:53 | Construir | Farm |
| 24:07 | Construir | Farm |
| 24:08 | Crear | Villager (Male) |
| 24:09 | Crear | Villager (Male) |
| 24:32 | Construir | Town Center |
| 24:41 | Construir | Farm |
| 24:57 | Construir | Farm |
| 25:11 | Crear | Trade Cart |
| 25:11 | Crear | Trade Cart |
| 25:26 | Construir | Archery Range |
| 25:27 | Crear | Longbowman |
| 25:27 | Crear | Longbowman |
| 25:28 | Crear | Longbowman |
| 25:32 | Crear | Archer |
| 25:34 | Crear | Cavalry Archer |
| 25:57 | Construir | Farm |
| 25:58 | Crear | Villager (Male) |
| 25:58 | Crear | Villager (Male) |
| 26:04 | Crear | Villager (Male) |
| 26:05 | Crear | Villager (Male) |
| 26:05 | Crear | Villager (Male) |
| 26:25 | Construir | Archery Range |
| 26:25 | Construir | Archery Range |
| 26:29 | Crear | Longbowman |
| 26:29 | Crear | Longbowman |
| 26:40 | Construir | University |
| 26:45 | Crear | Villager (Male) |
| 26:46 | Crear | Villager (Male) |
| 26:46 | Crear | Villager (Male) |
| 26:46 | Crear | Villager (Male) |
| 27:25 | Crear | Villager (Male) |
| 27:25 | Crear | Villager (Male) |
| 27:32 | Crear | Villager (Male) |
| 27:32 | Crear | Villager (Male) |
| 27:40 | Crear | Villager (Male) |
| 27:41 | Crear | Villager (Male) |
| 27:48 | Construir | Farm |
| 27:50 | Construir | Farm |
| 27:51 | Crear | Villager (Male) |
| 27:51 | Crear | Villager (Male) |
| 27:52 | Crear | Villager (Male) |
| 28:22 | Investigar | Ballistics |
| 28:50 | Investigar | Fletching |
| 28:56 | Construir | Blacksmith |
| 29:00 | Construir | Lumber Camp |
| 29:14 | Crear | Villager (Male) |
| 29:15 | Crear | Villager (Male) |
| 29:31 | Investigar | Bodkin Arrow |
| 29:36 | Investigar | Padded Archer Armor |
| 29:58 | Construir | Castle |
| 30:05 | Crear | Longbowman |
| 30:05 | Crear | Longbowman |
| 30:05 | Crear | Longbowman |
| 30:06 | Crear | Longbowman |
| 30:21 | Crear | Trade Cart |
| 30:21 | Crear | Trade Cart |
| 30:33 | Construir | House |
| 30:35 | Construir | House |
| 30:35 | Construir | House |
| 31:09 | Investigar | Imperial Age |
| 31:26 | Crear | Villager (Male) |
Build order — cruy
Primeras 150 de 505 acciones detectadas
| 0:05 | Crear | Villager (Male) |
| 0:05 | Investigar | Loom |
| 0:06 | Crear | Villager (Male) |
| 0:06 | Crear | Villager (Male) |
| 0:07 | Construir | House |
| 0:08 | Construir | House |
| 0:46 | Construir | House |
| 0:54 | Crear | Villager (Male) |
| 0:55 | Crear | Villager (Male) |
| 1:17 | Construir | House |
| 1:40 | Construir | Lumber Camp |
| 2:28 | Crear | Villager (Male) |
| 3:26 | Crear | Villager (Male) |
| 3:27 | Crear | Villager (Male) |
| 3:50 | Crear | Villager (Male) |
| 3:51 | Crear | Villager (Male) |
| 4:01 | Crear | Villager (Male) |
| 4:02 | Crear | Villager (Male) |
| 4:33 | Crear | Villager (Male) |
| 4:34 | Crear | Villager (Male) |
| 4:45 | Crear | Villager (Male) |
| 4:55 | Crear | Villager (Male) |
| 5:01 | Construir | Mill |
| 5:29 | Crear | Villager (Male) |
| 5:29 | Crear | Villager (Male) |
| 6:35 | Crear | Villager (Male) |
| 6:35 | Crear | Villager (Male) |
| 6:43 | Crear | Villager (Male) |
| 6:43 | Crear | Villager (Male) |
| 6:44 | Crear | Villager (Male) |
| 6:45 | Crear | Villager (Male) |
| 6:45 | Crear | Villager (Male) |
| 7:15 | Crear | Villager (Male) |
| 8:35 | Investigar | Feudal Age |
| 9:00 | Crear | Villager (Male) |
| 9:01 | Crear | Villager (Male) |
| 9:18 | Crear | Villager (Male) |
| 10:50 | Edad | Edad Feudal |
| 10:53 | Construir | Market |
| 10:58 | Construir | Blacksmith |
| 11:10 | Crear | Villager (Male) |
| 14:07 | Investigar | Castle Age |
| 16:30 | Investigar | Wheelbarrow |
| 16:47 | Edad | Edad de los Castillos |
| 16:50 | Construir | Town Center |
| 16:55 | Construir | Town Center |
| 17:20 | Construir | Farm |
| 17:21 | Construir | Farm |
| 17:21 | Construir | Farm |
| 17:21 | Construir | Farm |
| 17:21 | Construir | Farm |
| 17:22 | Construir | Farm |
| 17:22 | Construir | Farm |
| 17:22 | Construir | Farm |
| 17:32 | Crear | Villager (Male) |
| 17:33 | Crear | Villager (Male) |
| 17:47 | Construir | Mining Camp |
| 18:09 | Construir | House |
| 18:10 | Construir | House |
| 18:22 | Crear | Villager (Male) |
| 18:48 | Crear | Villager (Male) |
| 18:48 | Crear | Villager (Male) |
| 18:49 | Crear | Villager (Male) |
| 19:06 | Crear | Villager (Male) |
| 19:07 | Crear | Villager (Male) |
| 19:07 | Crear | Villager (Male) |
| 19:23 | Construir | Farm |
| 19:23 | Construir | Farm |
| 19:24 | Construir | Farm |
| 19:24 | Construir | Farm |
| 19:24 | Construir | Farm |
| 19:24 | Construir | Farm |
| 19:36 | Crear | Villager (Male) |
| 19:37 | Crear | Villager (Male) |
| 19:37 | Crear | Villager (Male) |
| 20:07 | Crear | Villager (Male) |
| 20:07 | Crear | Villager (Male) |
| 20:07 | Crear | Villager (Male) |
| 20:24 | Crear | Villager (Male) |
| 20:24 | Crear | Villager (Male) |
| 20:46 | Crear | Villager (Male) |
| 20:46 | Crear | Villager (Male) |
| 20:55 | Construir | Town Center |
| 21:00 | Crear | Villager (Male) |
| 21:01 | Crear | Villager (Male) |
| 21:22 | Crear | Villager (Male) |
| 21:22 | Crear | Villager (Male) |
| 22:07 | Crear | Villager (Male) |
| 22:08 | Crear | Villager (Male) |
| 22:08 | Crear | Villager (Male) |
| 22:08 | Crear | Villager (Male) |
| 22:12 | Construir | Farm |
| 22:13 | Construir | Farm |
| 22:13 | Construir | Farm |
| 22:13 | Construir | Farm |
| 22:14 | Construir | Farm |
| 22:14 | Construir | Farm |
| 22:14 | Construir | Farm |
| 22:19 | Crear | Villager (Male) |
| 22:20 | Crear | Villager (Male) |
| 22:33 | Crear | Villager (Male) |
| 22:46 | Crear | Villager (Male) |
| 22:46 | Crear | Villager (Male) |
| 22:54 | Crear | Villager (Male) |
| 22:54 | Crear | Villager (Male) |
| 23:10 | Crear | Villager (Male) |
| 23:10 | Crear | Villager (Male) |
| 23:14 | Construir | Farm |
| 23:14 | Construir | Farm |
| 23:14 | Construir | Farm |
| 23:14 | Construir | Farm |
| 23:15 | Construir | Farm |
| 23:15 | Construir | Farm |
| 23:15 | Construir | Farm |
| 23:21 | Crear | Villager (Male) |
| 23:21 | Crear | Villager (Male) |
| 23:22 | Crear | Villager (Male) |
| 23:22 | Crear | Villager (Male) |
| 23:37 | Crear | Villager (Male) |
| 23:37 | Crear | Villager (Male) |
| 23:47 | Crear | Villager (Male) |
| 23:52 | Construir | House |
| 23:52 | Construir | House |
| 23:53 | Construir | House |
| 23:54 | Construir | House |
| 23:56 | Construir | House |
| 23:56 | Construir | House |
| 23:57 | Construir | House |
| 23:58 | Construir | House |
| 24:12 | Crear | Villager (Male) |
| 24:13 | Crear | Villager (Male) |
| 24:13 | Crear | Villager (Male) |
| 24:13 | Crear | Villager (Male) |
| 24:23 | Construir | House |
| 24:24 | Construir | House |
| 24:25 | Construir | House |
| 24:27 | Construir | House |
| 24:28 | Construir | House |
| 24:28 | Construir | House |
| 24:29 | Construir | House |
| 24:30 | Construir | House |
| 24:37 | Crear | Villager (Male) |
| 24:38 | Crear | Villager (Male) |
| 24:38 | Crear | Villager (Male) |
| 24:40 | Crear | Villager (Male) |
| 24:46 | Construir | Farm |
| 24:46 | Construir | Farm |
| 24:46 | Construir | Farm |
| 24:46 | Construir | Farm |
| 24:47 | Construir | Farm |
Build order — mrdava_99
Primeras 150 de 354 acciones detectadas
| 0:03 | Crear | Villager (Male) |
| 0:03 | Crear | Villager (Male) |
| 0:03 | Crear | Villager (Male) |
| 0:04 | Crear | Villager (Male) |
| 0:04 | Crear | Villager (Male) |
| 0:04 | Crear | Villager (Male) |
| 0:06 | Construir | House |
| 0:08 | Construir | House |
| 1:39 | Crear | Villager (Male) |
| 1:39 | Crear | Villager (Male) |
| 2:11 | Crear | Villager (Male) |
| 2:11 | Crear | Villager (Male) |
| 2:15 | Construir | Lumber Camp |
| 2:26 | Crear | Villager (Male) |
| 2:54 | Crear | Villager (Male) |
| 2:54 | Crear | Villager (Male) |
| 3:20 | Crear | Villager (Male) |
| 3:20 | Crear | Villager (Male) |
| 3:59 | Construir | House |
| 4:10 | Crear | Villager (Male) |
| 4:10 | Crear | Villager (Male) |
| 4:13 | Crear | Villager (Male) |
| 4:13 | Crear | Villager (Male) |
| 4:13 | Crear | Villager (Male) |
| 4:45 | Construir | Mill |
| 5:26 | Crear | Villager (Male) |
| 5:27 | Crear | Villager (Male) |
| 5:27 | Crear | Villager (Male) |
| 5:27 | Crear | Villager (Male) |
| 5:45 | Crear | Villager (Male) |
| 5:45 | Crear | Villager (Male) |
| 6:25 | Crear | Villager (Male) |
| 6:25 | Crear | Villager (Male) |
| 6:25 | Crear | Villager (Male) |
| 6:39 | Crear | Villager (Male) |
| 6:44 | Construir | House |
| 8:10 | Crear | Villager (Male) |
| 8:10 | Crear | Villager (Male) |
| 8:30 | Crear | Villager (Male) |
| 9:01 | Crear | Villager (Male) |
| 9:01 | Crear | Villager (Male) |
| 9:07 | Construir | House |
| 10:05 | Construir | Mining Camp |
| 10:09 | Investigar | Feudal Age |
| 11:13 | Construir | Farm |
| 11:14 | Construir | Farm |
| 11:15 | Construir | Farm |
| 11:16 | Construir | Farm |
| 11:37 | Construir | Farm |
| 11:45 | Construir | Farm |
| 11:47 | Construir | Farm |
| 11:50 | Construir | Farm |
| 12:36 | Edad | Edad Feudal |
| 12:43 | Construir | Blacksmith |
| 12:50 | Construir | Market |
| 13:07 | Crear | Villager (Male) |
| 13:08 | Crear | Villager (Male) |
| 13:39 | Investigar | Castle Age |
| 13:54 | Construir | Lumber Camp |
| 14:01 | Crear | Villager (Male) |
| 14:14 | Construir | Barracks |
| 14:50 | Investigar | Loom |
| 15:37 | Construir | House |
| 16:04 | Crear | Villager (Male) |
| 16:04 | Crear | Villager (Male) |
| 16:22 | Edad | Edad de los Castillos |
| 16:32 | Construir | Stable |
| 16:51 | Crear | Villager (Male) |
| 16:52 | Crear | Villager (Male) |
| 17:01 | Construir | Town Center |
| 17:18 | Investigar | Man-at-Arms (upgrade) |
| 17:20 | Crear | Militia |
| 17:20 | Crear | Militia |
| 17:20 | Crear | Militia |
| 17:20 | Crear | Militia |
| 17:21 | Crear | Militia |
| 17:32 | Construir | House |
| 17:41 | Investigar | Double-Bit Axe |
| 17:55 | Crear | Scout Cavalry |
| 17:56 | Crear | Scout Cavalry |
| 18:00 | Construir | House |
| 18:15 | Investigar | Scale Mail Armor |
| 18:18 | Construir | Farm |
| 18:56 | Construir | Town Center |
| 18:59 | Crear | Villager (Male) |
| 19:01 | Crear | Villager (Male) |
| 19:02 | Crear | Villager (Male) |
| 19:09 | Construir | House |
| 19:25 | Crear | Villager (Male) |
| 19:26 | Crear | Villager (Male) |
| 19:39 | Construir | Monastery |
| 19:45 | Crear | Militia |
| 19:45 | Crear | Militia |
| 20:12 | Construir | Monastery |
| 20:17 | Construir | Farm |
| 20:18 | Crear | Villager (Male) |
| 20:20 | Crear | Villager (Male) |
| 20:32 | Crear | Villager (Male) |
| 20:37 | Crear | Monk |
| 20:37 | Crear | Monk |
| 20:54 | Construir | Farm |
| 20:56 | Construir | Farm |
| 20:59 | Construir | Farm |
| 21:03 | Construir | House |
| 21:07 | Crear | Militia |
| 21:07 | Crear | Militia |
| 21:26 | Crear | Monk |
| 21:46 | Construir | Stable |
| 21:53 | Construir | Farm |
| 22:00 | Crear | Villager (Male) |
| 22:00 | Crear | Villager (Male) |
| 22:00 | Crear | Villager (Male) |
| 22:01 | Crear | Villager (Male) |
| 22:01 | Crear | Villager (Male) |
| 22:41 | Crear | Villager (Male) |
| 22:41 | Crear | Villager (Male) |
| 22:49 | Construir | Mining Camp |
| 22:56 | Investigar | Forging |
| 23:22 | Construir | Barracks |
| 24:08 | Crear | Monk |
| 24:46 | Crear | Villager (Male) |
| 24:46 | Crear | Villager (Male) |
| 24:47 | Crear | Villager (Male) |
| 24:47 | Crear | Villager (Male) |
| 24:49 | Crear | Villager (Male) |
| 24:49 | Crear | Villager (Male) |
| 24:53 | Construir | Farm |
| 24:54 | Construir | Farm |
| 25:07 | Construir | Barracks |
| 25:24 | Construir | House |
| 25:26 | Investigar | Bow Saw |
| 25:38 | Construir | House |
| 25:39 | Construir | House |
| 25:40 | Construir | House |
| 25:48 | Construir | Farm |
| 26:08 | Crear | Villager (Male) |
| 26:08 | Crear | Villager (Male) |
| 26:27 | Construir | Farm |
| 26:30 | Crear | Villager (Male) |
| 26:31 | Crear | Villager (Male) |
| 26:44 | Construir | Farm |
| 27:06 | Investigar | Long Swordsman (upgrade) |
| 27:22 | Construir | University |
| 27:31 | Crear | Villager (Male) |
| 27:32 | Crear | Villager (Male) |
| 27:37 | Construir | Farm |
| 27:54 | Construir | House |
| 27:55 | Construir | House |
| 27:56 | Construir | House |
| 28:00 | Crear | Villager (Male) |
Cronología de la partida
| 10:03 | Arcturus · first_building Barracks |
| 10:16 | Arcturus · age_up feudal |
| 10:23 | Jotal1308 · age_up feudal |
| 10:50 | cruy · age_up feudal |
| 12:20 | Bullangebrio · age_up feudal |
| 12:23 | xandercheto · age_up feudal |
| 12:36 | mrdava_99 · age_up feudal |
| 13:34 | [Guanatos] Prieto en aprietos · age_up feudal |
| 14:02 | cruy · first_market_buy 100 food |
| 14:07 | cruy · first_market_sell 100 wood |
| 14:14 | mrdava_99 · first_building Barracks |
| 15:52 | Arcturus · first_market_buy 100 food |
| 15:54 | Rambiel · age_up feudal |
| 16:22 | mrdava_99 · age_up castle |
| 16:28 | xandercheto · age_up castle |
| 16:31 | Arcturus · first_building Archery Range |
| 16:32 | mrdava_99 · first_building Stable |
| 16:42 | Bullangebrio · age_up castle |
| 16:47 | cruy · age_up castle |
| 17:29 | [Guanatos] Prieto en aprietos · age_up castle |
| 17:47 | Jotal1308 · first_building Barracks |
| 18:16 | Rambiel · first_building Barracks |
| 18:53 | Arcturus · age_up castle |
| 19:11 | Rambiel · first_building Archery Range |
| 19:33 | Jotal1308 · age_up castle |
| 19:34 | Rambiel · age_up castle |
| 19:39 | mrdava_99 · first_building Monastery |
| 19:40 | Rambiel · first_building Castle |
| 19:47 | Rambiel · first_building Siege Workshop |
| 19:52 | Arcturus · first_building Monastery |
| 19:56 | Jotal1308 · first_building Monastery |
| 20:26 | Jotal1308 · first_building Archery Range |
| 20:42 | Arcturus · first_market_sell 100 food |
| 22:26 | Jotal1308 · first_building Castle |
| 22:31 | Bullangebrio · first_building Castle |
| 22:56 | [Guanatos] Prieto en aprietos · first_building Castle |
| 23:05 | xandercheto · first_building Monastery |
| 23:39 | Bullangebrio · first_building Barracks |
| 23:54 | Arcturus · first_building Stable |
| 24:55 | xandercheto · first_building Castle |
| 27:31 | xandercheto · first_building Siege Workshop |
| 28:24 | [Guanatos] Prieto en aprietos · first_building Stable |
| 28:29 | cruy · first_building Monastery |
| 28:35 | mrdava_99 · first_market_buy 100 food |
| 29:01 | cruy · first_building Barracks |
| 29:23 | Bullangebrio · first_market_buy 100 wood |
| 29:29 | mrdava_99 · first_building Castle |
| 30:21 | xandercheto · age_up imperial |
| 30:21 | mrdava_99 · first_building Siege Workshop |
| 30:46 | cruy · first_building Siege Workshop |
| 30:55 | cruy · wall_segment Stone Wall x1 |
| 31:00 | Bullangebrio · first_building Siege Workshop |
| 31:07 | Jotal1308 · first_market_buy 100 food |
| 31:39 | cruy · wall_segment Stone Wall x2 |
| 31:52 | Arcturus · first_building Castle |
| 31:54 | Bullangebrio · age_up imperial |
| 31:54 | cruy · first_building Stable |
| 31:56 | mrdava_99 · age_up imperial |
| 32:25 | Arcturus · age_up imperial |
| 32:40 | cruy · age_up imperial |
| 33:15 | [Guanatos] Prieto en aprietos · age_up imperial |
| 33:24 | xandercheto · first_building Stable |
| 34:19 | Jotal1308 · age_up imperial |
| 36:53 | cruy · first_building Castle |
| 37:06 | Rambiel · age_up imperial |
| 38:28 | cruy · first_building Archery Range |
| 43:27 | Rambiel · first_market_sell 500 food |
| 43:30 | Jotal1308 · first_building Stable |
| 45:52 | Rambiel · first_building Monastery |
| 46:23 | Rambiel · first_market_buy 100 stone |
| 49:58 | mrdava_99 · first_building Archery Range |
| 52:17 | Bullangebrio · first_market_sell 500 food |
| 54:49 | xandercheto · first_market_sell 100 food |
| 58:56 | mrdava_99 · resign |
[ ANÁLISIS IA · 1 CRÉDITO ]
¿Qué pasó realmente en esta partida?
Wolo.gg analiza cada decisión: build order, eco, micro, errores típicos por bracket. Análisis personalizado por WhatsApp o Discord en 30 segundos.
Guía civ
Bizantinos
Perfil
Jugador #14435442